 Dungeon Crawl Stone Soup version 0.19.4-12-gccf7e64 (webtiles) character file.

2046 Jynx the Basher (level 9, 0/82 HPs)
             Began as a Minotaur Fighter on Feb 27, 2017.
             Slain by a hornet (12 damage)
             ... on level 6 of the Dungeon.
             The game lasted 00:07:36 (5903 turns).

Jynx the Basher (Minotaur Fighter)                  Turns: 5903, Time: 00:07:36

Health: 0/82       AC:  8    Str: 23    XL:     9   Next: 4%
Magic:  8/8        EV:  9    Int:  5    God:
Gold:   349        SH:  0    Dex: 11    Spells: 0 memorised, 8 levels left

rFire  . . .     SeeInvis .     a - +1 flail
rCold  . . .     Gourm    .     b - +0 scale mail
rNeg   . . .     Faith    .     (no shield)
rPois  .         Spirit   .     (helmet restricted)
rElec  .         Reflect  .     e - +1 cloak
rCorr  .         Harm     +     (no gloves)
MR     .....                    (no boots)
Stlth  ..........               q - amulet of harm
                                (no ring)
                                (no ring)

@: slowed, drained, very slow
A: retaliatory headbutt, horns 2
a: no special abilities


You were on level 6 of the Dungeon.
You were not hungry.

You visited 2 branches of the dungeon, and saw 7 of its levels.

You collected 349 gold pieces.

Inventory:

Hand Weapons
 a - a +1 flail (weapon)
Armour
 b - a +0 scale mail (worn)
 c - a +0 shield
 e - a +1 cloak (worn)
Jewellery
 q - an amulet of harm (around neck)
 t - a +3 amulet of reflection {unknown}
Wands
 u - a wand of polymorph (15/24)
Scrolls
 n - 2 scrolls of magic mapping
 p - 2 scrolls of remove curse
 z - a scroll of fear
Potions
 d - 3 potions of might
 h - 2 potions of magic {unknown}
 i - a potion of resistance {unknown}
 k - 3 potions of curing
 l - 2 potions of berserk rage {unknown}
 s - a potion of cure mutation {unknown}
 v - 2 potions of brilliance {unknown}
 x - 2 potions of flight {unknown}
Comestibles
 f - 5 bread rations
 j - a slice of pizza
 m - 3 beef jerkies
 o - 3 meat rations


   Skills:
 + Level 8.9(8.3) Fighting
 * Level 11.6(11.0) Maces & Flails
 - Level 3.6(3.1) Armour
 - Level 3.6(3.1) Shields


You had 8 spell levels left.
You didn't know any spells.

Dungeon Overview and Level Annotations

Branches:
Dungeon (6/15)             Temple (1/1) D:5

Altars:
Ashenzari
Cheibriados
Dithmenos
Elyvilon
Fedhas
Gozag
Hepliaklqana
Kikubaaqudgha
Nemelex Xobeh
Qazlal
Ru
Sif Muna
Vehumet
Yredelemnul
Zin
The Shining One


Innate Abilities, Weirdness & Mutations

You reflexively headbutt those who attack you in melee.
You have a pair of horns on your head.


Message History

The hornet stings you!
* * * LOW HITPOINT WARNING * * *
You feel as though you will be slow longer.
The hornet stings you.
* * * LOW HITPOINT WARNING * * *
You feel as though you will be slow longer.
You feel much better.
* * * LOW HITPOINT WARNING * * *
You feel very sick.
The hornet stings you but does no damage. x2
The hornet stings you!
* * * LOW HITPOINT WARNING * * *
You suddenly lose the ability to move!
* * * LOW HITPOINT WARNING * * *
You feel sick. The hornet stings you!
* * * LOW HITPOINT WARNING * * *
You feel as though you will be slow longer.
You can move again.
It was a potion of curing.
You feel better. The hornet stings you!
You die...

#### ...# .#.# .#.#
########## .#.#
#....@y..# .#.#
#...#......# ##.#
#...##.....# #.# +...#
......# #.# #...#
##....% #.# #...#
####### #.#
#...###...## #.######
#.[.##.....##
#....[.####...#....)..#


You could see a hornet.

Vanquished Creatures
  Grinder (D:4)
  Eustachio (D:4)
  Menkaure (D:5)
  A black bear (D:6)
  An orc warrior (D:6)
  3 sky beasts (D:6)
  An ogre (D:5)
  2 centaurs
  The ghost of vijoc the Conjurer, an amateur DECj (D:3)
  A water moccasin skeleton (D:5)
  5 wights (D:6)
  A bullfrog zombie (D:5)
  2 crimson imps
  2 hounds
  4 orc priests
  An iguana (D:5)
  Jessica (D:3)
  2 worker ants
  Robin (D:4)
  7 adders
  A shadow imp (D:3)
  3 oozes
  A worm (D:3)
  6 leopard geckos
  8 orcs
  4 giant cockroaches
  17 goblins
  9 hobgoblins
  5 jackals
  9 quokkas
  4 bats
  10 frilled lizards
  A jackal zombie (D:6)
  4 kobolds
  A quokka zombie (D:6)
  4 rats
  A plant (D:3)
127 creatures vanquished.

Vanquished Creatures (others)
  2 plants (D:3)
2 creatures vanquished.

Grand Total: 129 creatures vanquished

Notes
Turn   | Place    | Note
-------+----------+-------------------------------------------
     0 | D:1      | Jynx the Minotaur Fighter began the quest for the Orb.
     0 | D:1      | Reached XP level 1. HP: 19/19 MP: 0/0
   422 | D:1      | Reached skill level 3 in Maces & Flails
   424 | D:1      | Reached XP level 2. HP: 27/27 MP: 1/1
   839 | D:2      | Reached XP level 3. HP: 15/33 MP: 2/2
  1249 | D:2      | Reached skill level 4 in Maces & Flails
  1459 | D:3      | Found a hazy altar of Hepliaklqana.
  1769 | D:3      | Found a sparkling altar of Nemelex Xobeh.
  1783 | D:3      | Reached XP level 4. HP: 41/41 MP: 3/3
  1971 | D:3      | Noticed Jessica
  1980 | D:3      | Killed Jessica
  1980 | D:3      | Reached skill level 5 in Fighting
  1980 | D:3      | Reached skill level 5 in Maces & Flails
  2202 | D:3      | Reached XP level 5. HP: 40/48 MP: 4/4
  2232 | D:3      | Found a glowing golden altar of the Shining One.
  2399 | D:3      | Noticed vijoc's ghost (amateur DECj)
  2407 | D:3      | Killed vijoc's ghost
  2407 | D:3      | Reached skill level 6 in Maces & Flails
  3063 | D:4      | Noticed Robin
  3066 | D:4      | Reached XP level 6. HP: 53/56 MP: 5/5
  3073 | D:4      | Killed Robin
  3139 | D:4      | Noticed Eustachio
  3155 | D:4      | Killed Eustachio
  3155 | D:4      | Reached skill level 7 in Maces & Flails
  3326 | D:4      | Noticed Grinder
  3340 | D:4      | Killed Grinder
  3340 | D:4      | Reached skill level 8 in Maces & Flails
  3340 | D:4      | Reached XP level 7. HP: 64/64 MP: 6/6
  3423 | D:4      | Found a sacrificial altar of Ru.
  3793 | D:5      | Entered Level 5 of the Dungeon
  3870 | D:5      | Found a shattered altar of Ashenzari.
  4063 | D:5      | Noticed Menkaure
  4064 | D:5      | Reached skill level 9 in Maces & Flails
  4073 | D:5      | Killed Menkaure
  4365 | D:5      | Reached XP level 8. HP: 63/73 MP: 7/7
  4518 | D:5      | Found a staircase to the Ecumenical Temple.
  4527 | Temple   | Entered the Ecumenical Temple
  5058 | D:6      | Reached skill level 10 in Maces & Flails
  5333 | D:6      | Reached skill level 11 in Maces & Flails
  5655 | D:6      | Reached XP level 9. HP: 76/82 MP: 8/8
  5896 | D:6      | Paralysed by a hornet for 3 turns
  5900 | D:6      | HP: 4/82 [hornet (2)]
  5901 | D:6      | Paralysed by a hornet for 2 turns
  5903 | D:6      | Slain by a hornet

Skill      XL: |  1  2  3  4  5  6  7  8 |
---------------+-------------------------+-----
Maces & Flails | 3 4 5 6 8 9 11 | 11.6
Fighting       | 4 5 6 7 8 |  8.9
Armour         | |  3.6
Shields        | |  3.6

Action                   |  1- 3 |  4- 6 |  7- 9 || total
-------------------------+-------+-------+-------++-------
Melee: Flail             |    90 |   135 |   144 ||   369
       Headbutt          |    11 |    24 |    24 ||    59
  Use: Scroll            |       |     6 |     5 ||    11
       Potion            |       |       |     3 ||     3
  Eat: Chunk             |     3 |     5 |     8 ||    16
Armor: Scale mail        |    56 |    84 |    66 ||   206
Dodge: Dodged            |    69 |    94 |    49 ||   212
